 Dungeon Crawl Stone Soup version 0.25.0-11-g1f837a7 (webtiles) character file.

Game seed: 10010080692682814009

166 pmoppi the Ruffian (level 5, 0/53 HPs)
             Began as a Troll Monk on June 25, 2020.
             Slain by Dowan
             ... wielding a +1 dagger of freezing
              (2 damage)
             ... in the Ecumenical Temple.
             The game lasted 00:03:21 (2339 turns).

pmoppi the Ruffian (Troll Monk)                     Turns: 2339, Time: 00:03:21

Health: 0/53       AC:  6    Str: 19    XL:     5   Next: 22%
Magic:  4/4        EV: 11    Int:  7    God:
Gold:   129        SH:  0    Dex: 12    Spells: 4/4 levels left

rFire    . . .     SeeInvis .     - Unarmed
rCold    . . .     Gourm    +   (no shield)
rNeg     . . .     Faith    .   a - +0 robe
rPois    .         Spirit   .   (helmet restricted)
rElec    .         Reflect  .   (no cloak)
rCorr    .         Harm     .   (gloves unavailable)
MR       .....                  (boots unavailable)
Stlth    ++........             (no amulet)
HPRegen  0.57/turn              (no ring)
MPRegen  0.09/turn              (no ring)

@: no status effects
A: large, unfitting armour, claws 3, fast metabolism 3, gourmand, regeneration
1, shaggy fur 1, tough skin 3
a: no special abilities


You were in the Ecumenical Temple.
You were completely stuffed.

You visited 2 branches of the dungeon, and saw 5 of its levels.

You collected 129 gold pieces.

Inventory:

Missiles
 e - 107 stones (quivered)
 o - 14 poisoned darts
Armour
 a - a +0 robe (worn)
Jewellery
 t - an uncursed ring of see invisible {unknown}
Scrolls
 c - 3 scrolls of remove curse {unknown}
 g - a scroll of fear {unknown}
 i - 2 scrolls of identify {unknown}
 j - 2 scrolls of immolation {unknown}
 m - a scroll of enchant armour {unknown}
 p - 3 scrolls of teleportation {unknown}
Potions
 d - a potion of cancellation {unknown}
 f - a potion of brilliance {unknown}
 h - 2 potions of haste {unknown}
 k - a potion of lignification {unknown}
 l - a potion of heal wounds {unknown}
 n - a potion of curing {unknown}
 q - a potion of degeneration {unknown}
 s - a potion of flight {unknown}
Comestibles
 b - 5 rations


   Skills:
 + Level 3.1 Fighting
 + Level 1.7 Throwing
 + Level 3.1 Dodging
 - Level 1.0 Stealth
 * Level 4.3 Unarmed Combat


You had 4 spell levels left.
You didn't know any spells.
Your spell library was empty.

Dungeon Overview and Level Annotations

Branches:
Dungeon (4/15)             Temple (1/1) D:4

Altars:
Cheibriados
Fedhas
Hepliaklqana
Makhleb
Nemelex Xobeh
Okawaru
Qazlal
Trog
Uskayaw
Vehumet
Xom
Yredelemnul
Zin

Annotations:
Temple Dowan, Duvessa


Innate Abilities, Weirdness & Mutations

You are too large for most types of armour.
You have claws for hands.
Your metabolism is lightning-fast.
You like to eat raw meat.
Your natural rate of healing is unusually fast.
You are covered in fur. (AC +1)
You have extremely tough skin. (AC +3)


Message History

You barely miss Duvessa.
Duvessa is lightly wounded.
Duvessa hits you with a cursed -1 rapier!
Dowan completely misses you.
You closely miss Duvessa.
Duvessa is lightly wounded.
Duvessa hits you with a cursed -1 rapier.
* * * LOW HITPOINT WARNING * * *
Dowan hits you with a +1 dagger of freezing.
* * * LOW HITPOINT WARNING * * *
Dowan freezes you.
* * * LOW HITPOINT WARNING * * *
Duvessa hits you with a cursed -1 rapier.
* * * LOW HITPOINT WARNING * * *
You scratch Duvessa.
Duvessa is moderately wounded.
Duvessa hits you with a cursed -1 rapier!
* * * LOW HITPOINT WARNING * * *
Dowan hits you with a +1 dagger of freezing.
You die...

##≈≈≈.._..≈≈≈##
##########≈≈≈......_≈≈≈##########
≈≈≈≈≈≈≈≈≈≈≈≈......≈≈≈≈≈≈≈≈≈≈≈≈≈≈≈
._...._.≈≈≈.....≈≈≈≈≈≈≈≈≈.._.....
≈......≈≈≈≈....≈≈≈≈≈.........._..
≈≈......≈≈≈....≈................≈
≈≈≈......≈≈≈........≈≈≈≈≈≈.....≈≈
#≈≈≈≈......≈≈≈.........≈≈≈≈≈≈.≈≈#
##≈≈≈≈≈≈.......e@e.......≈≈≈≈≈≈##
#≈≈.≈≈≈≈≈≈.........≈≈≈......≈≈≈≈#
≈≈.....≈≈≈≈≈≈........≈≈≈......≈≈≈
≈................≈....≈≈≈......≈≈
.._..........≈≈≈≈≈....≈≈≈≈......≈
....._..≈≈≈≈≈≈≈≈≈.....≈≈≈._...._.
≈≈≈≈≈≈≈≈≈≈≈≈≈≈≈......≈≈≈≈≈≈≈≈≈≈≈≈
##########≈≈≈_......≈≈≈##########
##≈≈≈.._..≈≈≈##


You could see Duvessa (fast) and Dowan (resistant).

Vanquished Creatures
  An orc priest (D:4)
  A worker ant (D:4)
  3 adders
  An ooze (D:1)
  2 worms
  A dart slug (D:1)
  5 leopard geckos
  2 orcs
  5 bats
  2 giant cockroaches
  9 goblins
  13 hobgoblins
  2 jackals (D:1)
  9 frilled lizards
  5 kobolds
  9 rats
70 creatures vanquished.

Notes
Turn   | Place    | Note
-------+----------+-------------------------------------------
     0 | D:1      | pmoppi the Troll Monk began the quest for the Orb.
     0 | D:1      | Reached XP level 1. HP: 22/22 MP: 0/0
   125 | D:1      | Reached XP level 2. HP: 29/29 MP: 1/1
   289 | D:1      | Reached XP level 3. HP: 36/36 MP: 2/2
   437 | D:1      | Reached skill level 1 in Throwing
   838 | D:2      | Found an iron altar of Okawaru.
  1385 | D:2      | Reached XP level 4. HP: 44/44 MP: 3/3
  1553 | D:3      | Found a faded altar of an unknown god.
  1882 | D:3      | Reached skill level 4 in Unarmed Combat
  2076 | D:4      | Found a staircase to the Ecumenical Temple.
  2084 | D:4      | Reached XP level 5. HP: 45/53 MP: 4/4
  2097 | Temple   | Entered the Ecumenical Temple
  2305 | D:4      | Noticed Dowan
  2307 | D:4      | Noticed Duvessa
  2339 | Temple   | HP: 2/53 [Duvessa/cursed -1 rapier (8)]
  2339 | Temple   | Slain by Dowan

Illustrated notes

Levels and vault maps discovered:
D:1:      shiori_shiawase, layout_loops_ring
D:2:      layout_basic, lemuel_doored_altar, hangedman_feature_mirror,
          hangedman_abyss_or_decor_stabs
D:3:      layout_rooms, chequers_ecumenical_altar_grove
D:4:      layout_cave_pools, minmay_temple_entry_proselytizer, first_ration,
          eino_tiny_chamber, uniq_duvessa
Temple:   hc_temple_tempest_star

Skill      XL: |  1  2  3  4 |
---------------+-------------+-----
Throwing       | 1 |  1.7
Unarmed Combat | 4 |  4.3
Dodging        | 3 |  3.1
Fighting       | 3 |  3.1
Stealth        | |  1.0

Action                   |  1- 3 |  4- 6 || total
-------------------------+-------+-------++-------
Melee: Unarmed           |   121 |    61 ||   182
       Punch             |     1 |       ||     1
 Stab: Sleeping          |     4 |     1 ||     5
  Eat: Chunk             |    16 |    11 ||    27
Armor: Robe              |    48 |    24 ||    72
Dodge: Dodged            |    56 |    51 ||   107
